 Dungeon Crawl Stone Soup version 0.20-a0-673-g53087c7 (webtiles) character file.

7047 MirrMurr the Destroyer (level 11, -10/54 HPs)
             Began as a Gargoyle Wizard on Feb 18, 2017.
             Was a Priest of Dithmenos.
             Mangled by a two-headed ogre
             ... wielding a +0 giant club
              (17 damage)
             ... on level 10 of the Dungeon.
             The game lasted 00:48:54 (15023 turns).

MirrMurr the Destroyer (Gargoyle Wizard)           Turns: 15023, Time: 00:48:55

Health: -10/54     AC: 14    Str: 11    XL:     11   Next: 9%
Magic:  17/17      EV: 11    Int: 22    God:    Dithmenos [***...]
Gold:   753        SH:  0    Dex:  8    Spells: 12/18 levels left

rFire    . . .     SeeInvis .   a - +1 spear (freeze)
rCold    . . .     Gourm    .   S - +1 leather armour {rN+}
rNeg     + + .     Faith    .   (no shield)
rPois    ∞         Spirit   .   U - +1 hat
rElec    +         Reflect  .   X - +0 cloak (curse)
rCorr    .         Harm     .   (no gloves)
MR       .....                  (no boots)
Stlth    ++++......             (no amulet)
Regen    0.2/turn               (no ring)
MPRegen  0.2/turn               (no ring)

@: wreathed by umbra
A: negative energy resistance 1, electricity resistance, unbreathing,
petrification resistance, rot immunity, AC +7
a: Shadow Step, Renounce Religion


You were on level 10 of the Dungeon.
You worshipped Dithmenos.
Dithmenos was most pleased with you.
You were hungry.

You visited 2 branches of the dungeon, and saw 11 of its levels.

You collected 813 gold pieces.
You spent 60 gold pieces at shops.

Inventory:

Hand Weapons
 a - a +1 spear of freezing (weapon)
 b - a +4 dagger of freezing
 o - a +0 short sword
 v - a +0 trident
 w - a +0 blowgun
Missiles
 f - 36 poisoned needles
 h - 137 stones
 s - 6 javelins (quivered)
Armour
 l - a scarf of repulsion
 J - a +2 large shield
 S - a +1 leather armour of positive energy (worn)
 U - a +1 hat (worn)
 X - a cursed +0 cloak (worn)
Jewellery
 y - an uncursed amulet of guardian spirit {unknown}
 B - a cursed amulet of inaccuracy {unknown}
 M - an uncursed ring of poison resistance {unknown}
 V - a +3 ring of protection {unknown}
Wands
 t - a wand of polymorph (13/24)
 u - a wand of scattershot (9/9)
 A - a wand of polymorph (15/24)
 N - a wand of enslavement (13/24)
 O - a wand of iceblast (11/15)
 Q - a wand of paralysis (15/24)
 T - a wand of acid (7/15)
Scrolls
 e - 2 scrolls of teleportation
 i - 2 scrolls of enchant armour
 k - a scroll of fear
 n - a scroll of blinking
 r - 6 scrolls of remove curse
 C - 3 scrolls of fog
 D - 2 scrolls of identify
 K - a scroll of magic mapping
 P - a scroll of enchant weapon {unknown}
 W - 2 scrolls of amnesia
Potions
 j - 8 potions of heal wounds
 m - a potion of agility
 p - a potion of cancellation {unknown}
 q - 2 potions of flight
 x - a potion of might {unknown}
 z - 2 potions of curing {unknown}
 F - a potion of brilliance {unknown}
 G - 2 potions of haste {unknown}
 I - 3 potions of invisibility
 L - 2 potions of ambrosia
 R - 2 potions of mutation {unknown}
 Y - a potion of berserk rage {unknown}
Books
 c - a book of Minor Magic

   Spells                             Type                      Level
   a - Magic Dart                     Conjuration                  1
   b - Blink                          Translocation                2
   c - Call Imp                       Summoning                    2
   d - Slow                           Hexes                        2
   e - Conjure Flame                  Conjuration/Fire             3
   f - Mephitic Cloud                 Conjuration/Poison/Air       3
Comestibles
 d - 3 bread rations
 g - 11 royal jellies
 E - a meat ration
 H - a fruit


   Skills:
 - Level 4.3 Armour
 - Level 1.5 Dodging
 * Level 6.9 Stealth
 - Level 4.1 Spellcasting
 + Level 10.7 Conjurations
   Level 0.8 Summonings
 - Level 2.6 Translocations
   Level 3.9 Fire Magic
 - Level 2.3 Air Magic
 - Level 8.3 Poison Magic
 - Level 4.5 Invocations


You had 12 spell levels left.
You knew the following spells:

 Your Spells              Type           Power        Failure   Level  Hunger
a - Magic Dart            Conj           ####         1%          1    None
b - Blink                 Tloc           N/A          10%         2    #......
m - Mephitic Cloud        Conj/Pois/Air  #####...     2%          3    ##.....


Dungeon Overview and Level Annotations

Branches:
Dungeon (10/15)            Temple (1/1) D:4             Orc (0/2) D:9
   Lair: D:8-11

Altars:
Ashenzari
Cheibriados
Dithmenos
Elyvilon
Fedhas
Gozag
Hepliaklqana
Kikubaaqudgha
Makhleb
Nemelex Xobeh
Okawaru
Qazlal
Ru
Sif Muna
Trog
Uskayaw
Vehumet
Xom
Yredelemnul
Zin
The Shining One
Beogh

Shops:
D:4 ?


Innate Abilities, Weirdness & Mutations

You are resistant to torment.
Your stone body is resilient. (AC +7)
You are immune to poison.
You resist negative energy. (rN+)
You are resistant to electric shocks. (rElec)
You can survive without breathing.
You are immune to petrification.
You are immune to rotting.


Message History

You hit the two-headed ogre. You freeze the two-headed ogre.
The two-headed ogre is severely wounded.
You barely miss the two-headed ogre.
The two-headed ogre is severely wounded.
You hit the two-headed ogre. You freeze the two-headed ogre.
The two-headed ogre is almost dead.
The two-headed ogre hits you with a giant club!!
Ouch! That really hurt!
You emit a cloud of dark smoke.
The two-headed ogre closely misses you.
You are too injured to fight recklessly!
You are too injured to fight recklessly!
You are too injured to fight recklessly!
Your +4 dagger of freezing stops glowing.
Your +1 spear of freezing glows with a cold blue light!
a - a +1 spear of freezing (weapon)
The two-headed ogre seems less confused.
The two-headed ogre hits you with a giant club!!
* * * LOW HITPOINT WARNING * * *
The two-headed ogre hits you with a giant spiked club!
You die...

#.# #........ #.#
#........
#########.######........
###..............'........
#.....#####.######........
#..>.............'........
#......####.######........
#...§§§§###.# #########
#....§§§§@..#
#....§§§O#### #....§§§.#
#....§§§§# #.?...§§§#
#........# #........#
#...##...# #... #...#


You could see a two-headed ogre.

Vanquished Creatures
  A two-headed ogre (D:6)
  Maurice (D:9)
  Joseph (D:7)
  A queen bee (D:7)
  A wyvern (D:9)
  Eustachio (D:4)
  A water moccasin (D:6)
  Duvessa (D:6)
  A hornet zombie (D:9)
  6 orc warriors
  4 black bears
  3 ice beasts
  4 phantoms
  2 sky beasts
  3 centaurs
  A big kobold (D:9)
  5 bullfrogs
  Dowan (D:6)
  A water moccasin zombie (D:8)
  A scorpion (D:6)
  30 killer bees
  2 howler monkeys (D:6)
  The ghost of M4edhros the Sneak, a weakling OpAr (D:4)
  3 crimson imps
  A bullfrog zombie (D:9)
  2 jellies
  4 hounds
  3 orc priests
  2 centaur skeletons
  A bullfrog skeleton (D:7)
  8 orc wizards
  4 iguanas
  7 worker ants
  A hound zombie (D:8)
  A worker ant zombie (D:5)
  13 adders
  2 river rats
  2 shadow imps
  A white imp (D:4)
  3 oozes
  2 adder zombies
  2 worms
  6 dart slugs
  8 leopard geckos
  37 orcs
  3 ball pythons
  6 bats
  8 giant cockroaches
  9 goblins
  9 hobgoblins
  A jackal (D:5)
  14 kobolds
  4 quokkas
  14 frilled lizards
  A goblin skeleton (D:4)
  A goblin zombie (D:4)
  2 hobgoblin zombies (D:4)
  A jackal skeleton (D:5)
  2 kobold skeletons (D:4)
  2 kobold zombies (D:4)
  A leopard gecko skeleton (D:5)
  2 orc skeletons (D:4)
  An orc zombie (D:4)
  2 quokka skeletons
  11 rats
280 creatures vanquished.

Vanquished Creatures (collateral kills)
  2 killer bees
2 creatures vanquished.

Vanquished Creatures (others)
  2 killer bees (D:8)
  2 fungi (D:8)
  A plant (D:8)
5 creatures vanquished.

Grand Total: 287 creatures vanquished

Notes
Turn   | Place    | Note
-------+----------+-------------------------------------------
     0 | D:1      | MirrMurr the Gargoyle Wizard began the quest for the Orb.
     0 | D:1      | Reached XP level 1. HP: 10/10 MP: 4/4
   185 | D:1      | Reached XP level 2. HP: 9/15 MP: 0/6
   363 | D:1      | Reached skill level 2 in Conjurations
   668 | D:1      | Reached XP level 3. HP: 19/19 MP: 1/8
   679 | D:1      | Learned a level 2 spell: Blink
   683 | D:1      | Learned a level 3 spell: Conjure Flame
   687 | D:1      | Learned a level 3 spell: Mephitic Cloud
  1409 | D:2      | You fall through a shaft!
  1553 | D:2      | Reached XP level 4. HP: 24/24 MP: 1/9
  1629 | D:2      | Reached skill level 3 in Conjurations
  2354 | D:2      | Found a sparkling altar of Nemelex Xobeh.
  2516 | D:2      | HP: 1/24 [river rat (3)]
  2526 | D:2      | HP: 1/24 [hobgoblin/club (1)]
  2897 | D:3      | Reached XP level 5. HP: 28/28 MP: 3/11
  3018 | D:3      | Reached skill level 4 in Conjurations
  4391 | D:3      | Reached skill level 1 in Fire Magic
  4521 | D:4      | Noticed M4edhros's ghost (weakling OpAr)
  4531 | D:3      | Reached XP level 6. HP: 32/32 MP: 6/12
  4569 | D:4      | Noticed Eustachio
  4881 | D:4      | Killed M4edhros's ghost
  5308 | D:4      | Killed Eustachio
  5308 | D:4      | Reached skill level 5 in Conjurations
  5308 | D:4      | Reached XP level 7. HP: 22/36 MP: 4/13
  5428 | D:4      | Found an iron altar of Okawaru.
  5431 | D:4      | Found a glowing golden altar of the Shining One.
  5645 | D:4      | Found a staircase to the Ecumenical Temple.
  5655 | Temple   | Entered the Ecumenical Temple
  5713 | Temple   | Became a worshipper of Dithmenos the Shadowed
  5865 | D:4      | Reached skill level 1 in Poison Magic
  6034 | D:4      | Found a bloodstained altar of Trog.
  6080 | D:4      | Found Bomym's Magic Scroll Shoppe.
  6089 | D:4      | Bought a scroll of amnesia for 38 gold pieces
  6089 | D:4      | Bought a scroll of fog for 22 gold pieces
  6604 | D:5      | Entered Level 5 of the Dungeon
  6744 | D:5      | Reached skill level 6 in Conjurations
  6815 | D:5      | Found a sacrificial altar of Ru.
  6847 | D:5      | Reached XP level 8. HP: 41/41 MP: 4/14
  7128 | D:5      | Reached * piety under Dithmenos
  7421 | D:5      | Reached skill level 5 in Poison Magic
  7836 | D:6      | Got a creamy pearl robe
  7847 | D:6      | Identified the +0 robe of a volcano {*Corrode rPois rC- Regen+} (You found it on level 6 of the Dungeon)
  7925 | D:6      | Noticed Dowan
  7927 | D:6      | Noticed Duvessa
  7936 | D:6      | Killed Duvessa
  7944 | D:6      | Killed Dowan
  7944 | D:6      | Reached skill level 7 in Conjurations
  8498 | D:6      | Noticed a two-headed ogre
  8566 | D:6      | Killed a two-headed ogre
  8566 | D:6      | Reached XP level 9. HP: 28/45 MP: 0/15
  8609 | D:6      | HP: 2/45 [water moccasin (4)]
  8612 | D:6      | Reached skill level 8 in Conjurations
  9268 | D:7      | Reached skill level 1 in Air Magic
  9803 | D:7      | Reached skill level 1 in Translocations
  9840 | D:7      | Noticed Joseph
  9893 | D:7      | Killed Joseph
 10092 | D:7      | Reached skill level 1 in Invocations
 10196 | D:7      | Reached skill level 1 in Armour
 10196 | D:7      | Reached skill level 9 in Conjurations
 10196 | D:7      | Reached XP level 10. HP: 36/50 MP: 2/16
 11199 | D:8      | Found a blossoming altar of Fedhas.
 11394 | D:8      | Reached ** piety under Dithmenos
 12549 | D:8      | Reached skill level 10 in Conjurations
 12755 | D:8      | Reached *** piety under Dithmenos
 13371 | D:9      | Found an opulent altar of Gozag.
 13389 | D:9      | Found a staircase to the Orcish Mines.
 13396 | D:9      | Found a roughly hewn altar of Beogh.
 13411 | D:9      | Noticed Maurice
 13457 | D:9      | Killed Maurice
 13457 | D:9      | Reached skill level 5 in Stealth
 14065 | D:9      | Reached XP level 11. HP: 54/54 MP: 11/17
 14261 | D:9      | Found a burning altar of Makhleb.
 14335 | D:9      | Found a basalt altar of Yredelemnul.
 14961 | D:10     | Entered Level 10 of the Dungeon
 14989 | D:10     | Noticed a two-headed ogre
 15023 | D:10     | Mangled by a two-headed ogre

Vault maps used:
D:1:      dpeg_arrival_short_road
D:2:      marbit_many_paths
D:3:      portal_sewer_entry_b
D:4:      okawaru_metal_pillars_3, kennysheep_mini_moat,
          nicolae_tso_besieged_by_evil, minmay_temple_entry_trees, first_bread,
          serial_shops, shop, grunt_ministairs_7,
          hangedman_abyss_or_decor_lesser_grid, uniq_eustachio
D:5:      nicolae_ru_great_annihilating_truth, minmay_lizard_king
D:6:      uniq_duvessa
D:7:      uniq_joseph
D:8:      minmay_goldmine, david_nohive_1, fedhas_altar_3
D:9:      grunt_gozag_statues, lemuel_doored_altar,
          nicolae_overflow_crystal_walls, orc_0_dummy, special_room,
          uniq_maurice
D:10:     erik_lair_island, uniq_snorg, uniq_fannar
Temple:   dshaligram_water_room_temple

Skill      XL: |  1  2  3  4  5  6  7  8  9 10 11 |
---------------+----------------------------------+-----
Conjurations   | 2 3 4 5 6 7 9 10 | 10.7
Spellcasting   | 4 |  4.1
Fire Magic     | 2 3 |  3.9
Poison Magic   | 4 7 8 |  8.3
Air Magic      | 2 |  2.3
Translocations | 2 |  2.6
Invocations    | 1 4 |  4.5
Armour         | 1 4 |  4.3
Stealth        | 5 6 |  6.9
Dodging        | |  1.5
Summonings     | |  0.8

Action                   |  1- 3 |  4- 6 |  7- 9 | 10-12 || total
-------------------------+-------+-------+-------+-------++-------
Melee: Unarmed           |     5 |       |       |       ||     5
       Club              |    19 |       |       |       ||    19
       Short sword       |     1 |    54 |       |       ||    55
       Trident           |       |    17 |    76 |       ||    93
       Spear             |       |       |   185 |   398 ||   583
       Dagger            |       |       |       |   223 ||   223
 Fire: Blowgun           |       |       |       |     8 ||     8
Throw: Javelin           |       |       |     4 |     1 ||     5
 Cast: Magic Dart        |    82 |   138 |   284 |   146 ||   650
       Mephitic Cloud    |       |     7 |    27 |    55 ||    89
  Use: Scroll            |     5 |     2 |     9 |       ||    16
       Potion            |       |       |     1 |       ||     1
 Stab: Sleeping          |     1 |       |     1 |     3 ||     5
       Confused          |       |     3 |     9 |    35 ||    47
       Invisible         |       |       |     3 |       ||     3
       Distracted        |       |       |       |     1 ||     1
  Eat: Chunk             |     2 |    11 |     9 |    15 ||    37
       Bread ration      |       |       |     2 |     1 ||     3
Armor: Robe              |     7 |    73 |    62 |       ||   142
       Leather armour    |       |       |    14 |   256 ||   270
Dodge: Dodged            |    25 |   118 |   186 |   362 ||   691
       Deflected         |       |     2 |     5 |       ||     7
